[Event "41st Jacques-Lemans-Open 2022"]
[Site "St. Veit/Glan"]
[Date "2022.07.14"]
[Round "7.9"]
[White "Sandhoefner, Florian"]
[Black "Rogic, Davor"]
[Result "1/2-1/2"]
[ECO "D02"]
[WhiteElo "2289"]
[BlackElo "2474"]
[Annotator "ChessBase"]
[PlyCount "100"]
[EventDate "2022.07.09"]
[EventType "swiss"]
[EventCountry "AUT"]
[SourceTitle "playchess.com"]
[Source "ChessBase"]
[SourceQuality "1"]
[TimeControl "40/5400+30:1800+30"]

1. d4 Nf6 2. Nf3 d5 3. Bf4 e6 4. e3 Bd6 5. c3 O-O 6. Nbd2 c5 7. Bxd6 Qxd6 8. Bd3 Nc6 9. O-O e5 10. dxc5 Qxc5 11. e4 Bg4 12. Qc2 Rad8 13. Rfe1 Rfe8 14. b4 Qd6 15. exd5 Qxd5 16. Bc4 Qd7 17. Rad1 Qc7 18. Ne4 Bxf3 19. gxf3 Nxe4 20. fxe4 Ne7 21. Qb3 Ng6 22. Bd5 Nf4 23. c4 Rd6 24. Kh1 Rh6 25. Rg1 Qe7 26. Qg3 Rg6 27. Qb3 Rh6 28. Qg3 Rg6 29. Qb3 Rf6 30. Qg3 g6 31. Qe3 Qxb4 32. Rb1 Qa4 33. Rxb7 Nxd5 34. cxd5 Qxa2 35. Kg2 a5 36. Rgb1 Rc8 37. Rb8 Rxb8 38. Rxb8+ Kg7 39. Qc5 Kh6 40. Re8 Qe2 41. Rxe5 Qf3+ 42. Kg1 g5 43. Rf5 Rxf5 44. exf5 a4 45. Qf8+ Kh5 46. Qxf7+ Kg4 47. f6 Qd1+ 48. Kg2 Qf3+ 49. Kg1 Qd1+ 50. Kg2 Qf3+ 1/2-1/2

[Event "41st Jacques-Lemans-Open 2022"]
[Site "St. Veit/Glan"]
[Date "2022.07.14"]
[Round "7.11"]
[White "Schernthaner, David"]
[Black "Miazhynski, Michael"]
[Result "1-0"]
[ECO "A58"]
[WhiteElo "2319"]
[BlackElo "1994"]
[Annotator "ChessBase"]
[PlyCount "59"]
[EventDate "2022.07.09"]
[EventType "swiss"]
[EventCountry "AUT"]
[SourceTitle "playchess.com"]
[Source "ChessBase"]
[SourceQuality "1"]
[TimeControl "40/5400+30:1800+30"]

1. d4 Nf6 2. c4 c5 3. d5 b5 4. cxb5 a6 5. bxa6 g6 6. Nc3 Bg7 7. a7 Rxa7 8. e4 O-O 9. Nf3 e6 10. Be2 exd5 11. exd5 d6 12. O-O Ba6 13. Nb5 Rd7 14. Re1 Bb7 15. Bc4 Na6 16. Bg5 Qa8 17. Bxf6 Bxf6 18. Qd2 Nb4 19. Rad1 Rb8 20. Nc3 Bg7 21. a3 Ba6 22. axb4 Bxc4 23. bxc5 Bxc3 24. bxc3 dxc5 25. d6 Rbd8 26. Qf4 Bb3 27. Rd2 Qa6 28. Qf6 Rxd6 29. Rxd6 Qxd6 30. Re8+ 1-0

[Event "41st Jacques-Lemans-Open 2022"]
[Site "St. Veit/Glan"]
[Date "2022.07.14"]
[Round "7.12"]
[White "Moeller, Dustin"]
[Black "Hresc, Vladimir"]
[Result "0-1"]
[ECO "E15"]
[WhiteElo "2237"]
[BlackElo "2308"]
[Annotator "ChessBase"]
[PlyCount "84"]
[EventDate "2022.07.09"]
[EventType "swiss"]
[EventCountry "AUT"]
[SourceTitle "playchess.com"]
[Source "ChessBase"]
[SourceQuality "1"]
[TimeControl "40/5400+30:1800+30"]

1. d4 Nf6 2. c4 e6 3. Nf3 b6 4. g3 Bb7 5. Bg2 g6 6. O-O Bg7 7. Nc3 Ne4 8. Bd2 Nxd2 9. Qxd2 O-O 10. d5 d6 11. Nd4 Bxd4 12. Qxd4 e5 13. Qd2 Nd7 14. b4 f5 15. Rac1 a5 16. a3 axb4 17. axb4 Qe7 18. Ra1 Nf6 19. Qb2 e4 20. Rfc1 Qe5 21. Nd1 Qxb2 22. Nxb2 b5 23. cxb5 Nxd5 24. e3 Rxa1 25. Rxa1 Nxb4 26. Ra7 Rb8 27. Bf1 Kf8 28. Nc4 Nd3 29. b6 cxb6 30. Nxd6 Nc5 31. Bc4 Ke7 32. Nxb7 Rxb7 33. Rxb7+ Nxb7 34. h4 h6 35. f4 exf3 36. Kf2 Nd6 37. Bd5 Kf6 38. Kxf3 Ke5 39. Bb3 b5 40. Bc2 b4 41. g4 fxg4+ 42. Kxg4 Nf5 0-1

[Event "41st Jacques-Lemans-Open 2022"]
[Site "St. Veit/Glan"]
[Date "2022.07.14"]
[Round "7.13"]
[White "Bauer, Thomas"]
[Black "Huber, Benedikt"]
[Result "0-1"]
[ECO "C50"]
[WhiteElo "2228"]
[BlackElo "2289"]
[Annotator "ChessBase"]
[PlyCount "92"]
[EventDate "2022.07.09"]
[EventType "swiss"]
[EventCountry "AUT"]
[SourceTitle "playchess.com"]
[Source "ChessBase"]
[SourceQuality "1"]
[TimeControl "40/5400+30:1800+30"]

1. e4 e5 2. Nf3 Nc6 3. Bc4 Nf6 4. d3 Bc5 5. c3 a6 6. a4 d6 7. O-O Ba7 8. Re1 O-O 9. h3 h6 10. Nbd2 Re8 11. b4 Be6 12. Bxe6 Rxe6 13. Bb2 Qd7 14. Qb3 Nh5 15. d4 Nf4 16. Nf1 Nd3 17. Re3 Nxb2 18. Qxb2 Ne7 19. Ng3 Re8 20. Qb3 exd4 21. cxd4 d5 22. e5 Rb6 23. Rc1 Nc6 24. b5 axb5 25. axb5 Na5 26. Qa2 Rxb5 27. Ne2 Bb6 28. Nc3 Rb3 29. Na4 Rxe3 30. Nxb6 cxb6 31. fxe3 Nc4 32. Qb1 b5 33. Qd3 Ra8 34. Nh4 Ra3 35. Qf1 b4 36. e4 b3 37. exd5 b2 38. Qxc4 Ra1 39. Rf1 Rxf1+ 40. Qxf1 Qc8 41. Qb5 Qc1+ 42. Kh2 b1=Q 43. Qe8+ Kh7 44. Qxf7 Qg1+ 45. Kg3 Qbe1+ 46. Kg4 Qxd4+ 0-1

[Event "41st Jacques-Lemans-Open 2022"]
[Site "St. Veit/Glan"]
[Date "2022.07.14"]
[Round "7.14"]
[White "Bauer, Sebastian"]
[Black "Buchegger, Fridolin"]
[Result "1/2-1/2"]
[ECO "C85"]
[WhiteElo "2380"]
[BlackElo "1961"]
[Annotator "ChessBase"]
[PlyCount "73"]
[EventDate "2022.07.09"]
[EventType "swiss"]
[EventCountry "AUT"]
[SourceTitle "playchess.com"]
[Source "ChessBase"]
[SourceQuality "1"]
[TimeControl "40/5400+30:1800+30"]

1. e4 e5 2. Nf3 Nc6 3. Bb5 a6 4. Ba4 Nf6 5. O-O Be7 6. Bxc6 dxc6 7. d3 Bd6 8. b3 Qe7 9. Bb2 O-O 10. Nbd2 Nd7 11. Nc4 Re8 12. d4 exd4 13. Qxd4 f6 14. Nxd6 cxd6 15. Rad1 Nc5 16. Nd2 Be6 17. Rfe1 Rad8 18. h3 Bf7 19. Nf1 Qe5 20. f3 Ne6 21. Qc3 Nf4 22. Qxe5 dxe5 23. Kf2 Be6 24. h4 Kf7 25. Ne3 b6 26. g3 Ng6 27. c4 Nf8 28. f4 exf4 29. gxf4 Bc8 30. Kf3 h5 31. Bd4 Bg4+ 32. Nxg4 hxg4+ 33. Ke3 c5 34. Bc3 Ng6 35. Rxd8 Rxd8 36. Rh1 g3 37. f5 1/2-1/2

[Event "41st Jacques-Lemans-Open 2022"]
[Site "St. Veit/Glan"]
[Date "2022.07.14"]
[Round "7.15"]
[White "Kruckenhauser, Arthur"]
[Black "Ernst, Robert"]
[Result "1/2-1/2"]
[ECO "B40"]
[WhiteElo "2303"]
[BlackElo "2001"]
[Annotator "ChessBase"]
[PlyCount "55"]
[EventDate "2022.07.09"]
[EventType "swiss"]
[EventCountry "AUT"]
[SourceTitle "playchess.com"]
[Source "ChessBase"]
[SourceQuality "1"]
[TimeControl "40/5400+30:1800+30"]

1. e4 c5 2. Nf3 e6 3. b3 Nc6 4. Bb2 d6 5. d4 cxd4 6. Nxd4 Nf6 7. Nc3 Be7 8. Qd2 a6 9. O-O-O Qc7 10. f3 b5 11. g4 Bb7 12. Kb1 Rc8 13. h4 Nxd4 14. Qxd4 d5 15. g5 dxe4 16. gxf6 Bxf6 17. Qd2 e3 18. Qxe3 Bxc3 19. Bxc3 Qxc3 20. Bd3 Qc5 21. Qf4 O-O 22. Rdg1 Rfd8 23. Rg5 Rd5 24. Rhg1 Rxg5 25. Rxg5 Qc3 26. Qe3 h6 27. Rg4 Kf8 28. Rf4 1/2-1/2

[Event "41st Jacques-Lemans-Open 2022"]
[Site "St. Veit/Glan"]
[Date "2022.07.14"]
[Round "7.16"]
[White "Dotzer, Lukas"]
[Black "Katter, Katharina"]
[Result "1-0"]
[ECO "B23"]
[WhiteElo "2269"]
[BlackElo "2000"]
[Annotator "ChessBase"]
[PlyCount "59"]
[EventDate "2022.07.09"]
[EventType "swiss"]
[EventCountry "AUT"]
[SourceTitle "playchess.com"]
[Source "ChessBase"]
[SourceQuality "1"]
[TimeControl "40/5400+30:1800+30"]

1. e4 c5 2. Nc3 a6 3. Nge2 d6 4. g3 b5 5. Bg2 Bb7 6. O-O Nf6 7. d4 Nbd7 8. d5 g6 9. a4 b4 10. Nb1 Bg7 11. c4 O-O 12. Nd2 e5 13. dxe6 fxe6 14. e5 Bxg2 15. exf6 Bxf1 16. fxg7 Kxg7 17. Nxf1 Ne5 18. Ne3 Nf3+ 19. Kh1 Qd7 20. Qf1 d5 21. b3 d4 22. Ng4 g5 23. Ng1 Qf7 24. Qe2 Qf5 25. Kg2 h5 26. Nxf3 hxg4 27. Nxg5 d3 28. Bb2+ Kg6 29. Qxe6+ Kxg5 30. Bc1+ 1-0

[Event "41st Jacques-Lemans-Open 2022"]
[Site "St. Veit/Glan"]
[Date "2022.07.14"]
[Round "7.17"]
[White "Hng, Mei-En Emmanuelle"]
[Black "Caruso, Augusto"]
[Result "0-1"]
[ECO "B21"]
[WhiteElo "1997"]
[BlackElo "2132"]
[Annotator "ChessBase"]
[PlyCount "70"]
[EventDate "2022.07.09"]
[EventType "swiss"]
[EventCountry "AUT"]
[SourceTitle "playchess.com"]
[Source "ChessBase"]
[SourceQuality "1"]
[TimeControl "40/5400+30:1800+30"]

1. e4 c5 2. d4 cxd4 3. c3 Nf6 4. e5 Nd5 5. Qxd4 e6 6. Bd3 Nc6 7. Qe4 f5 8. exf6 Nxf6 9. Qh4 d5 10. Bg6+ hxg6 11. Qxh8 Ne5 12. Nh3 Nd3+ 13. Ke2 Nxc1+ 14. Rxc1 Qb6 15. b3 Qa6+ 16. c4 Qd6 17. Nd2 e5 18. Kf1 e4 19. Kg1 Ng4 20. Nf1 Qf6 21. cxd5 Nh6 22. Re1 Bf5 23. Ng3 O-O-O 24. Rac1+ Kb8 25. Nxe4 Qb2 26. Nc3 Bxh3 27. gxh3 Qd2 28. Ne4 Qf4 29. Ng3 Nf7 30. Qh7 Ng5 31. Qh8 Be7 32. Qxg7 Bf6 33. Qxg6 Nxh3+ 34. Kg2 Qxf2+ 35. Kh1 Qf3# 0-1

[Event "41st Jacques-Lemans-Open 2022"]
[Site "St. Veit/Glan"]
[Date "2022.07.14"]
[Round "7.18"]
[White "Lerch, Johannes"]
[Black "Missethan, Michael"]
[Result "1-0"]
[ECO "B10"]
[WhiteElo "2222"]
[BlackElo "1991"]
[Annotator "ChessBase"]
[PlyCount "65"]
[EventDate "2022.07.09"]
[EventType "swiss"]
[EventCountry "AUT"]
[SourceTitle "playchess.com"]
[Source "ChessBase"]
[SourceQuality "1"]
[TimeControl "40/5400+30:1800+30"]

1. e4 c6 2. Nf3 d5 3. d3 dxe4 4. dxe4 Qxd1+ 5. Kxd1 Nf6 6. Nfd2 h5 7. h4 e5 8. f3 Be6 9. Bc4 Bxc4 10. Nxc4 Nfd7 11. a4 Na6 12. c3 O-O-O 13. Kc2 Nc7 14. b4 Kb8 15. Rd1 f6 16. Be3 Be7 17. Nba3 c5 18. b5 Nb6 19. Nxb6 axb6 20. Nc4 Ka7 21. Rdb1 Ne6 22. a5 bxa5 23. Rxa5+ Kb8 24. b6 Kc8 25. Ra7 Kd7 26. Rxb7+ Ke8 27. Ra7 Rb8 28. Na5 Nd8 29. b7 Bd6 30. Ra8 Kd7 31. Rd1 Ne6 32. Rxb8 Rxb8 33. Nc4 1-0

[Event "41st Jacques-Lemans-Open 2022"]
[Site "St. Veit/Glan"]
[Date "2022.07.14"]
[Round "7.19"]
[White "Enne, Harald"]
[Black "Ofner, Maximilian"]
[Result "0-1"]
[ECO "E00"]
[WhiteElo "1919"]
[BlackElo "2194"]
[Annotator "ChessBase"]
[PlyCount "62"]
[EventDate "2022.07.09"]
[EventType "swiss"]
[EventCountry "AUT"]
[SourceTitle "playchess.com"]
[Source "ChessBase"]
[SourceQuality "1"]
[TimeControl "40/5400+30:1800+30"]

1. d4 Nf6 2. c4 e6 3. Nc3 c5 4. e3 cxd4 5. exd4 d5 6. Nf3 Bb4 7. cxd5 Nxd5 8. Bb5+ Nc6 9. Bd2 O-O 10. O-O Qb6 11. Nxd5 exd5 12. Bxb4 Nxb4 13. Qa4 Nc6 14. Rac1 Bd7 15. Rfe1 a6 16. Bxc6 Bxc6 17. Qc2 Rae8 18. Rxe8 Rxe8 19. h4 h6 20. Ne5 Qxd4 21. Nxc6 bxc6 22. Qxc6 Rd8 23. b3 Qxh4 24. Qxa6 Qe4 25. Rc8 Rxc8 26. Qxc8+ Kh7 27. a4 d4 28. f3 Qe1+ 29. Kh2 Qe5+ 30. Kh3 d3 31. Qc4 Qe6+ 0-1

[Event "41st Jacques-Lemans-Open 2022"]
[Site "St. Veit/Glan"]
[Date "2022.07.14"]
[Round "7.20"]
[White "Blasge, Tobias"]
[Black "Schein, Karl-Heinz"]
[Result "1-0"]
[ECO "D43"]
[WhiteElo "1826"]
[BlackElo "2167"]
[Annotator "ChessBase"]
[PlyCount "40"]
[EventDate "2022.07.09"]
[EventType "swiss"]
[EventCountry "AUT"]
[SourceTitle "playchess.com"]
[Source "ChessBase"]
[SourceQuality "1"]
[TimeControl "40/5400+30:1800+30"]

1. d4 d5 2. c4 c6 3. Nf3 Nf6 4. Nc3 e6 5. cxd5 exd5 6. Bg5 h6 7. Bh4 Bf5 8. Qb3 g5 9. Bg3 Qb6 10. Qxb6 axb6 11. Be5 Nbd7 12. e3 Bb4 13. a3 Nxe5 14. Nxe5 Nd7 15. Nxd7 Kxd7 16. Kd2 Bd6 17. Bd3 Bxd3 18. Kxd3 b5 19. f3 f5 20. e4 fxe4+ 1-0

[Event "41st Jacques-Lemans-Open 2022"]
[Site "St. Veit/Glan"]
[Date "2022.07.14"]
[Round "7.21"]
[White "Sucher, Johannes"]
[Black "Ebner, Johann"]
[Result "0-1"]
[ECO "E18"]
[WhiteElo "2164"]
[BlackElo "1907"]
[Annotator "ChessBase"]
[PlyCount "76"]
[EventDate "2022.07.09"]
[EventType "swiss"]
[EventCountry "AUT"]
[SourceTitle "playchess.com"]
[Source "ChessBase"]
[SourceQuality "1"]
[TimeControl "40/5400+30:1800+30"]

1. d4 e6 2. Nf3 Nf6 3. c4 b6 4. g3 Bb7 5. Bg2 Be7 6. O-O O-O 7. Nc3 Na6 8. Qa4 Qc8 9. a3 c5 10. e3 d5 11. cxd5 Nxd5 12. Nxd5 Bxd5 13. Bd2 Qb7 14. Ne1 Bxg2 15. Nxg2 cxd4 16. exd4 Bf6 17. Bc3 Rfd8 18. Rad1 Nc7 19. Ne3 h5 20. h4 Nd5 21. Rd3 Rd7 22. Qd1 g6 23. Kh2 Kg7 24. Qf3 Rad8 25. Kh3 Qc7 26. Rc1 Rc8 27. Bd2 Qd8 28. Rxc8 Qxc8 29. Ng2 e5 30. dxe5 Nf4+ 31. Kh2 Nxd3 32. Qxf6+ Kh7 33. Bc3 Qe8 34. Ne3 Qe6 35. Qg5 Nxf2 36. Qf4 Qh3+ 37. Kg1 Ng4 38. Ng2 Qh2+ 0-1

[Event "41st Jacques-Lemans-Open 2022"]
[Site "St. Veit/Glan"]
[Date "2022.07.14"]
[Round "7.22"]
[White "Praxmarer, Christian"]
[Black "Besner, Bernhard"]
[Result "0-1"]
[ECO "A03"]
[WhiteElo "1906"]
[BlackElo "2164"]
[Annotator "ChessBase"]
[PlyCount "114"]
[EventDate "2022.07.09"]
[EventType "swiss"]
[EventCountry "AUT"]
[SourceTitle "playchess.com"]
[Source "ChessBase"]
[SourceQuality "1"]
[TimeControl "40/5400+30:1800+30"]

1. f4 d5 2. Nf3 Bg4 3. e3 e6 4. h3 Bh5 5. c4 Be7 6. Be2 Bh4+ 7. Nxh4 Qxh4+ 8. Kf1 Nf6 9. Qe1 Qxe1+ 10. Kxe1 Bxe2 11. Kxe2 dxc4 12. Na3 Ne4 13. Rd1 Nd6 14. d4 cxd3+ 15. Rxd3 Nd7 16. Bd2 Nc5 17. Rd4 O-O-O 18. Bb4 Nce4 19. Rc1 Rd7 20. Kf3 f5 21. Bxd6 Nxd6 22. Nc4 Nxc4 23. Rdxc4 Rhd8 24. g4 c6 25. b4 Rd1 26. b5 Rxc1 27. Rxc1 Rd6 28. Rc3 Kc7 29. e4 g6 30. exf5 exf5 31. Kg3 Rd5 32. bxc6 bxc6 33. Re3 fxg4 34. hxg4 c5 35. Kf3 Rd7 36. Ra3 Kc6 37. f5 gxf5 38. gxf5 c4 39. Ke4 Kd6 40. Kd4 Rc7 41. Ra6+ Ke7 42. Rh6 Kf8 43. Kc3 Kg7 44. Re6 h5 45. Rg6+ Kh8 46. Rg3 Rg7 47. Rh3 Rg5 48. f6 Kg8 49. Kxc4 Kf7 50. Rf3 h4 51. Rd3 Kxf6 52. Rd6+ Kf5 53. Kb5 Rg6 54. Rd5+ Kg4 55. Rd4+ Kh5 56. Rd3 Rg3 57. Rd5+ Rg5 0-1

[Event "41st Jacques-Lemans-Open 2022"]
[Site "St. Veit/Glan"]
[Date "2022.07.14"]
[Round "7.23"]
[White "Tumanyan, Gor"]
[Black "Praznik, Anton"]
[Result "1/2-1/2"]
[ECO "C07"]
[WhiteElo "1884"]
[BlackElo "2137"]
[Annotator "ChessBase"]
[PlyCount "58"]
[EventDate "2022.07.09"]
[EventType "swiss"]
[EventCountry "AUT"]
[SourceTitle "playchess.com"]
[Source "ChessBase"]
[SourceQuality "1"]
[TimeControl "40/5400+30:1800+30"]

1. e4 e6 2. d4 d5 3. Nd2 c5 4. Ngf3 Nc6 5. c3 cxd4 6. cxd4 dxe4 7. Nxe4 Nf6 8. Nxf6+ gxf6 9. Bc4 Bb4+ 10. Bd2 Qa5 11. O-O Bxd2 12. Nxd2 Qd8 13. Nb3 O-O 14. Re1 Kh8 15. Qh5 Rg8 16. Qxf7 Rg7 17. Qh5 e5 18. dxe5 Bg4 19. Qh6 Nxe5 20. Be2 Bf3 21. Bf1 Bxg2 22. Bxg2 Rxg2+ 23. Kxg2 Qd5+ 24. Kf1 Qh1+ 25. Ke2 Qf3+ 26. Kf1 Qh1+ 27. Ke2 Qf3+ 28. Kf1 Qh1+ 29. Ke2 Qf3+ 1/2-1/2

[Event "41st Jacques-Lemans-Open 2022"]
[Site "St. Veit/Glan"]
[Date "2022.07.14"]
[Round "7.24"]
[White "Gruenwald, Simon"]
[Black "Hofstadler, Mario"]
[Result "0-1"]
[ECO "B15"]
[WhiteElo "1762"]
[BlackElo "2123"]
[Annotator "ChessBase"]
[PlyCount "64"]
[EventDate "2022.07.09"]
[EventType "swiss"]
[EventCountry "AUT"]
[SourceTitle "playchess.com"]
[Source "ChessBase"]
[SourceQuality "1"]
[TimeControl "40/5400+30:1800+30"]

1. e4 c6 2. d4 d5 3. Nc3 dxe4 4. Nxe4 Nf6 5. Nxf6+ exf6 6. c3 Bd6 7. Bd3 O-O 8. Qc2 Re8+ 9. Ne2 h5 10. Be3 Nd7 11. O-O-O b5 12. d5 c5 13. Bxb5 Re5 14. Ng3 Nb6 15. Bc6 Rb8 16. Bf4 Nc4 17. Bxe5 Bxe5 18. Ne2 Rxb2 19. Qxb2 Nxb2 20. Kxb2 Qb6+ 21. Kc2 Qa6 22. Kd2 Qxa2+ 23. Ke3 Bd6 24. Ra1 Qc2 25. Rhc1 Qf5 26. f4 g5 27. g3 c4 28. Rd1 Bc5+ 29. Nd4 gxf4+ 30. gxf4 Qh3+ 31. Kf2 Qxc3 32. Rg1+ Kh8 0-1

[Event "41st Jacques-Lemans-Open 2022"]
[Site "St. Veit/Glan"]
[Date "2022.07.14"]
[Round "7.25"]
[White "Zoernpfenning, Siegfried"]
[Black "Kempe, Caius Emilian"]
[Result "1/2-1/2"]
[ECO "A45"]
[WhiteElo "2114"]
[BlackElo "1877"]
[Annotator "ChessBase"]
[PlyCount "48"]
[EventDate "2022.07.09"]
[EventType "swiss"]
[EventCountry "AUT"]
[SourceTitle "playchess.com"]
[Source "ChessBase"]
[SourceQuality "1"]
[TimeControl "40/5400+30:1800+30"]

1. d4 Nf6 2. Bf4 g6 3. Nc3 d5 4. Qd2 Bg7 5. Bh6 O-O 6. Bxg7 Kxg7 7. f3 c5 8. e3 cxd4 9. exd4 Nc6 10. O-O-O Na5 11. h4 Nc4 12. Bxc4 dxc4 13. h5 Qa5 14. hxg6 fxg6 15. Qh6+ Kg8 16. Nh3 Bxh3 17. Qxh3 Rf7 18. Rhe1 b5 19. Re5 a6 20. Qe6 Qc7 21. a3 Kg7 22. Ne4 Nxe4 23. Rxe4 Ra7 24. Rde1 Qd6 1/2-1/2

[Event "41st Jacques-Lemans-Open 2022"]
[Site "St. Veit/Glan"]
[Date "2022.07.14"]
[Round "7.26"]
[White "Hinteregger, Arthur"]
[Black "Ljubic, Luka"]
[Result "1-0"]
[ECO "B31"]
[WhiteElo "1993"]
[BlackElo "1768"]
[Annotator "ChessBase"]
[PlyCount "55"]
[EventDate "2022.07.09"]
[EventType "swiss"]
[EventCountry "AUT"]
[SourceTitle "playchess.com"]
[Source "ChessBase"]
[SourceQuality "1"]
[TimeControl "40/5400+30:1800+30"]

1. e4 c5 2. Nf3 Nc6 3. Bb5 g6 4. Bxc6 dxc6 5. O-O Bg7 6. d3 Qc7 7. Nbd2 Nf6 8. a4 O-O 9. Re1 Rd8 10. Ra2 Be6 11. b3 h6 12. Qe2 b5 13. Bb2 c4 14. dxc4 bxa4 15. Rxa4 c5 16. Bc3 Qf4 17. Be5 Qg4 18. Nf1 Bc8 19. Ra5 Bb7 20. h3 Qc8 21. Ng3 a6 22. Qe3 Qe6 23. Rxc5 Kh7 24. Ra5 Rd7 25. c3 Rad8 26. Nd4 Qb6 27. b4 Ba8 28. c5 1-0

[Event "41st Jacques-Lemans-Open 2022"]
[Site "St. Veit/Glan"]
[Date "2022.07.14"]
[Round "7.27"]
[White "Burbach, Brunel Baron"]
[Black "Raeke, Philipp"]
[Result "0-1"]
[ECO "B09"]
[WhiteElo "1820"]
[BlackElo "1908"]
[Annotator "ChessBase"]
[PlyCount "52"]
[EventDate "2022.07.09"]
[EventType "swiss"]
[EventCountry "AUT"]
[SourceTitle "playchess.com"]
[Source "ChessBase"]
[SourceQuality "1"]
[TimeControl "40/5400+30:1800+30"]

1. e4 d6 2. d4 Nf6 3. Nc3 g6 4. f4 Bg7 5. e5 dxe5 6. fxe5 Nd5 7. Nf3 O-O 8. Bc4 Be6 9. Nxd5 Bxd5 10. Be2 c5 11. c3 cxd4 12. cxd4 Nc6 13. Be3 Qb6 14. b3 Bxf3 15. Bxf3 Nxe5 16. O-O Nxf3+ 17. Qxf3 Bxd4 18. Bxd4 Qxd4+ 19. Kh1 Qb6 20. Rad1 Rac8 21. Rd7 Rc7 22. Rfd1 Rfc8 23. Qg4 Rxd7 24. Qxd7 Rc7 25. Qe8+ Kg7 26. Rf1 Qf2 0-1

[Event "41st Jacques-Lemans-Open 2022"]
[Site "St. Veit/Glan"]
[Date "2022.07.14"]
[Round "7.28"]
[White "Hofbauer, Peter"]
[Black "Novosel, Lovro"]
[Result "0-1"]
[ECO "B22"]
[WhiteElo "1986"]
[BlackElo "2255"]
[Annotator "ChessBase"]
[PlyCount "88"]
[EventDate "2022.07.09"]
[EventType "swiss"]
[EventCountry "AUT"]
[SourceTitle "playchess.com"]
[Source "ChessBase"]
[SourceQuality "1"]
[TimeControl "40/5400+30:1800+30"]

1. e4 c5 2. c3 d5 3. exd5 Qxd5 4. d4 Nc6 5. Nf3 e6 6. Be2 Nf6 7. O-O Be7 8. c4 Qd8 9. dxc5 Qxd1 10. Rxd1 Bxc5 11. Nc3 b6 12. Bf4 Bb7 13. a3 O-O 14. b4 Be7 15. Nb5 Rad8 16. Bc7 Rc8 17. Bd6 Rfe8 18. Bxe7 Rxe7 19. Nd6 Rb8 20. Nxb7 Rexb7 21. Rd6 Rc7 22. Rad1 Kf8 23. b5 Na5 24. Ne5 Rbc8 25. g4 Ne4 26. Rd8+ Rxd8 27. Rxd8+ Ke7 28. Rg8 Kf6 29. f4 g5 30. Nd3 gxf4 31. Nxf4 Nxc4 32. h4 Ke5 33. Nd3+ Kd4 34. Nb4 Ne5 35. Nc6+ Nxc6 36. bxc6 Rxc6 37. Bb5 Rc1+ 38. Kg2 Ke3 39. Rg7 f5 40. g5 Rc2+ 41. Kg1 f4 42. Rxh7 f3 43. Rd7 Rg2+ 44. Kf1 Ng3+ 0-1

[Event "41st Jacques-Lemans-Open 2022"]
[Site "St. Veit/Glan"]
[Date "2022.07.15"]
[Round "7.29"]
[White "Kienboeck, Benjamin"]
[Black "Bratko, Alexander"]
[Result "1-0"]
[ECO "B12"]
[WhiteElo "2151"]
[BlackElo "1982"]
[Annotator "ChessBase"]
[PlyCount "143"]
[EventDate "2022.07.09"]
[EventType "swiss"]
[EventCountry "AUT"]
[SourceTitle "playchess.com"]
[Source "ChessBase"]
[SourceQuality "1"]
[TimeControl "40/5400+30:1800+30"]

1. e4 c6 2. d4 d5 3. e5 Bf5 4. c4 e6 5. Nc3 Ne7 6. a3 Nd7 7. cxd5 cxd5 8. h4 h5 9. Be2 Nc6 10. Be3 Be7 11. Nf3 a6 12. Bd3 Bg4 13. Ne2 Bxf3 14. gxf3 Qb6 15. Qd2 O-O-O 16. O-O Kb8 17. b4 a5 18. Rfb1 a4 19. Qd1 Bxh4 20. b5 Na5 21. Nc3 Rc8 22. Nxa4 Qd8 23. Kf1 Be7 24. Rc1 Rxc1 25. Rxc1 Nb6 26. Nxb6 Qxb6 27. Qa4 Rc8 28. Rxc8+ Kxc8 29. Bd2 Bd8 30. Qb4 Qc7 31. Ke2 b6 32. Qa4 g6 33. Qd1 Nc4 34. Bb4 Nb2 35. Qc2 Nxd3 36. Qxc7+ Kxc7 37. Kxd3 Kd7 38. Ke3 Be7 39. Bxe7 Kxe7 40. f4 Kd7 41. Kf3 Kd8 42. a4 Kd7 43. Kg3 Kd8 44. Kh4 Kd7 45. Kg5 Kc7 46. f5 Kd7 47. f6 Kd8 48. f3 Kd7 49. f4 Ke8 50. Kh6 h4 51. a5 bxa5 52. b6 Kd7 53. Kg7 h3 54. b7 Kc7 55. Kxf7 h2 56. Kxe6 h1=Q 57. b8=Q+ Kxb8 58. f7 Qh8 59. Ke7 Qg7 60. Ke8 Kc7 61. e6 a4 62. f8=Q Qxf8+ 63. Kxf8 a3 64. e7 a2 65. e8=Q a1=Q 66. Qe5+ Kc6 67. Qe6+ Kc7 68. Qxd5 Qf1 69. Qe5+ Kd7 70. d5 Qh3 71. Qe7+ Kc8 72. Qe6+ 1-0

[Event "41st Jacques-Lemans-Open 2022"]
[Site "St. Veit/Glan"]
[Date "2022.07.14"]
[Round "7.30"]
[White "Holzmann, Herbert"]
[Black "Wegerer, Fred"]
[Result "1-0"]
[ECO "A04"]
[WhiteElo "1979"]
[BlackElo "2137"]
[Annotator "ChessBase"]
[PlyCount "147"]
[EventDate "2022.07.09"]
[EventType "swiss"]
[EventCountry "AUT"]
[SourceTitle "playchess.com"]
[Source "ChessBase"]
[SourceQuality "1"]
[TimeControl "40/5400+30:1800+30"]

1. Nf3 g6 2. e4 Bg7 3. d4 c5 4. Nc3 cxd4 5. Nxd4 Nc6 6. Be3 d6 7. Bc4 Nf6 8. Qd2 Bd7 9. f3 h5 10. Bb3 Na5 11. Ndb5 a6 12. Nd4 Rc8 13. Nde2 Nc4 14. Bxc4 Rxc4 15. O-O b5 16. b3 Rc8 17. Rac1 b4 18. Nb1 a5 19. c3 bxc3 20. Nbxc3 O-O 21. Rfd1 Ra8 22. Nd4 Qb8 23. Na4 Qb7 24. Nb2 Rfb8 25. Rc2 a4 26. Nxa4 Bxa4 27. bxa4 Rxa4 28. Rdc1 Qa6 29. Rc6 Qa8 30. R1c2 Kh7 31. Rc7 Rb1+ 32. Kf2 Nxe4+ 33. fxe4 Qxe4 34. Nf3 Bf6 35. Rc1 Rb5 36. Qc2 Rb2 37. Qxb2 Bxb2 38. Ng5+ Kg7 39. Nxe4 Bxc1 40. Bxc1 Rxe4 41. a4 Rxa4 42. Rxe7 Kf6 43. Re2 g5 44. h3 g4 45. h4 Kf5 46. g3 f6 47. Kf1 Ra1 48. Re1 d5 49. Bf4 Ra3 50. Re2 d4 51. Rf2 Ke4 52. Kg2 Ra6 53. Bh6 Kd3 54. Bg7 f5 55. Rxf5 Rg6 56. Bf6 Ke3 57. Bg5+ Ke2 58. Re5+ Kd3 59. Bf4 Rc6 60. Rxh5 Rc2+ 61. Kf1 Ke4 62. Re5+ Kf3 63. Re1 Rf2+ 64. Kg1 Rg2+ 65. Kh1 Rc2 66. Rf1+ Ke2 67. Rg1 Kf3 68. Rd1 Rc4 69. Rd2 Ra4 70. h5 Ra5 71. h6 d3 72. Rxd3+ Kf2 73. Rd2+ Kf1 74. h7 1-0

[Event "41st Jacques-Lemans-Open 2022"]
[Site "St. Veit/Glan"]
[Date "2022.07.14"]
[Round "7.31"]
[White "Zaytsev, Alexander"]
[Black "Wiedner, Robert"]
[Result "1/2-1/2"]
[ECO "B29"]
[WhiteElo "1963"]
[BlackElo "2133"]
[Annotator "ChessBase"]
[PlyCount "39"]
[EventDate "2022.07.09"]
[EventType "swiss"]
[EventCountry "AUT"]
[SourceTitle "playchess.com"]
[Source "ChessBase"]
[SourceQuality "1"]
[TimeControl "40/5400+30:1800+30"]

1. e4 c5 2. Nf3 Nf6 3. e5 Nd5 4. Nc3 e6 5. Nxd5 exd5 6. d4 d6 7. Bb5+ Nc6 8. O-O Be7 9. Be3 Qb6 10. exd6 Bxd6 11. dxc5 Bxh2+ 12. Kxh2 Qxb5 13. Qxd5 Qxb2 14. Nd4 O-O 15. Nxc6 bxc6 16. Qxc6 Bb7 17. Qd6 Rad8 18. Qc7 Rc8 19. Qf4 Qxc2 20. Rfc1 1/2-1/2